 Dungeon Crawl Stone Soup version 0.31-a0-981-geadf994542 (webtiles) character file.

Game seed: 4769881793210043019

34472 zenocrate the Nimble (level 13, -1/113 HPs)
             Began as a Green Draconian Shapeshifter on Oct 31, 2023.
             Was an Elder of Dithmenos.
             Slain by a death yak (25 damage)
             ... on level 4 of the Lair of Beasts.
             The game lasted 00:24:18 (20734 turns).

zenocrate the Nimble (DrSh)                        Turns: 20734, Time: 00:24:19

Health: -1/113     AC: 11    Str: 17    XL:     13   Next: 42%
Magic:  17/19      EV: 18    Int: 10    God:    Dithmenos [****..]
Gold:   916        SH:  0    Dex: 16    Spells: 7/15 levels left

rFire   . .          .
                       - Unarmed
rCold   . . .        (shield currently unavailable)
rNeg    + . .        (body armour unavailable)
rPois   +            (helmet restricted)
rElec   .            p - +0 cloak {Will+}
rCorr   .            q - +1 pair of gloves
SInv    +            (no boots)
Will    +....        B - amulet of magic regeneration
Stlth   +            i - ring of positive energy
HPRegen 0.38/turn    H - ring of see invisible
MPRegen 0.56/turn

%: no passive effects
@: lethally poisoned (-1 -> -22), flux-form, very slightly contaminated, glowing
A: glow, contaminating, breathe noxious fumes, AC +8, unfitting armour, poison
resistance, cold-blooded, fangs 1, horns 1
a: Breathe Noxious Fumes, Begin Untransformation, Renounce Religion, Shadow Step


You were on level 4 of the Lair of Beasts.
You worshipped Dithmenos.
Dithmenos was greatly pleased with you.
You were something dangerously unstable.
You visited 3 branches of the dungeon, and saw 17 of its levels.
You also visited: Ossuary.

You collected 916 gold pieces.

Inventory:

Missiles
 f - 15 boomerangs
 l - 2 throwing nets
 o - 8 poisoned darts (quivered)
 O - 5 javelins
Armour
 h - a +0 tower shield
 p - a +0 cloak of willpower (worn)
 q - a +1 pair of gloves (worn)
Jewellery
 e - a ring of wizardry
 i - a ring of positive energy (left hand)
 B - an amulet of magic regeneration (around neck)
 H - a ring of see invisible (right hand)
 K - a ring of wizardry
Talismans
 c - a flux talisman (active)
Wands
 G - a wand of charming (26)
 I - a wand of mindburst (4)
 J - a wand of iceblast (14)
 N - a wand of digging (2)
Scrolls
 g - 7 scrolls of teleportation
 m - a scroll of torment {unknown}
 r - 4 scrolls of revelation
 u - 2 scrolls of fog
 x - 4 scrolls of poison
 y - 2 scrolls of fear {unknown}
 z - 2 scrolls of noise {unknown}
 D - 2 scrolls of amnesia
 E - 2 scrolls of brand weapon {unknown}
 F - 2 scrolls of enchant armour {unknown}
 M - 2 scrolls of vulnerability
Potions
 a - a potion of lignification
 b - a potion of ambrosia
 d - 4 potions of heal wounds
 k - 3 potions of invisibility
 n - a potion of cancellation
 s - 3 potions of enlightenment
 t - 6 potions of curing
 v - 4 potions of attraction
 w - a potion of haste
 A - 3 potions of brilliance
 C - a potion of resistance
 L - a potion of berserk rage


   Skills:
 + Level 10.3 Fighting
 - Level 2.3 Throwing
 * Level 10.8 Dodging
 + Level 10.2 Unarmed Combat
 - Level 1.5 Spellcasting
 - Level 3.0 Translocations
 + Level 8.4 Invocations
 + Level 6.6 Evocations
 + Level 10.2 Shapeshifting


You had 7 spell levels left.
You knew the following spells:

 Your Spells              Type           Power      Damage    Failure   Level
b - Dispersal             Tloc           3%         N/A       100%        6
x - Blink                 Tloc           12%        N/A       14%         2

Your spell library contained the following spells:

 Spells                   Type           Power      Damage    Failure   Level
 Lesser Beckoning         Tloc           12%        N/A       14%         2
 Momentum Strike          Conj/Tloc      6%         3d8       26%         2
 Gell's Gravitas          Tloc           6%         N/A       28%         3
 Teleport Other           Tloc           6%         N/A       28%         3
 Magic Dart               Conj           0%         1d3       32%         1
 Cigotuvi's Dreadful Rot  Necr/Pois/Air  0%         N/A       45%         2
 Searing Ray              Conj           0%         2d4       45%         2
 Call Canine Familiar     Summ           0%         N/A       69%         3
 Ignite Poison            Fire/Tmut/Pois 0%         N/A       69%         3
 Sigil of Binding         Hex            0%         N/A       69%         3
 Dimensional Bullseye     Hex/Tloc       1%         N/A       86%         4
 Fulminant Prism          Conj/Hex       0%         3d5       97%         4
 Leda's Liquefaction      Hex/Erth       0%         N/A       97%         4
 Freezing Cloud           Conj/Ice/Air   0%         6-21      100%        5


Dungeon Overview and Level Annotations

Branches:
Dungeon (11/15)            Temple (1/1) D:6            Lair (5/5) D:11
 Shoals (0/4) Lair:3        Snake (0/4) Lair:2          Orc (0/2) D:10
Ossuary (visited)
  Slime: Lair:4-5

Altars:
Cheibriados
Dithmenos
Elyvilon
Fedhas
Gozag
Hepliaklqana
Kikubaaqudgha
Makhleb
Nemelex Xobeh
Okawaru
Qazlal
Ru
Sif Muna
Trog
Uskayaw
Vehumet
Wu Jian
Xom
Yredelemnul
Zin
The Shining One

Shops:
D:8 :


Innate Abilities, Weirdness & Mutations

You are something dangerously unstable.
You glow with magical radiation, making you easy to see and hit.
Foes you strike become dangerously contaminated with magical radiation.
You are incapable of wielding weapons or throwing items.
You can breathe blasts of noxious fumes.
Your lurid green scales are hard. (AC +8)
You cannot fit into any form of body armour.
Your system is resistant to poisons. (rPois)
You are cold-blooded and may be slowed by cold attacks.
You have very sharp teeth.
You have a pair of small horns on your head.


Message History

Unknown command.
Unknown command.
Unknown command.
You can't do that yet.
Unknown command.
Unknown command.
Unknown command.
The death yak attacks as it pursues you!
The death yak closely misses you.
Unknown command.
You punch the death yak!
The death yak begins to glow.
The death yak is moderately wounded.
The death yak gores you!!
* * * LOW HITPOINT WARNING * * *
Unknown command.
Unknown command.
You have got your breath back.
You feel ready to blink again.
The death yak attacks as it pursues you!
The death yak gores you!
* * * LOW HITPOINT WARNING * * *
Unknown command.
Unknown command.
Okay, then.
You feel much better. The black mamba barely misses you.
The death yak completely misses you.
Unknown command.
Casting: Blink (safe; 14% risk of failure)
Confirm with . or Enter, or press ? or * to list all spells.
You miscast Blink.
You are very lightly contaminated with residual magic.
Nothing appears to happen.
The black mamba bites you but does no damage.
The black mamba bites you!
* * * LOW HITPOINT WARNING * * *
You are poisoned.
The black mamba poisons you!
The death yak gores you but does no damage.
The death yak gores you!!
You die...

..####.#........###......#...#.#.
<..#.###......####....####...###.
....#.#P...######.......#....# #.
.>....###...##...........#...###.
#..†>..#...##P...P......#.....###
##÷÷...#....l..........).....###.
...#..........S.P...P......#.###.
...##.........YY........#..####..
[.#####.....###.p......#.####P...
..P#####....###SY......#####.....
....##.##...P....##...## ##......
....#..#..............####.....##
#......................##P.....#
##..................#........#.#
###...####..##.###..#......####
###..P.####.##### ###.#....##
##.......###########......##


You could see 3 death yaks, a komodo dragon (confused) and 2 black mambas.

Vanquished Creatures
  2 hydras
  Erolcha (D:11)
  2 boulder beetles
  12 death yaks
  A two-headed ogre (D:10)
  Urug (D:11)
  A skyshark (Lair:1)
  A lindwurm (Lair:4)
  A black mamba (Lair:3)
  6 elephants
  6 cane toads
  An unseen horror (D:11)
  3 rime drakes
  8 komodo dragons
  2 hornets
  A troll (D:10)
  2 polar bears
  12 blink frogs
  A shadow (D:10)
  2 wyverns
  A wraith (Ossuary)
  16 yaks
  2 basilisks
  A steam dragon (D:6)
  2 wargs (D:10)
  5 nagas (Lair:2)
  18 water moccasins
  5 orc warriors
  4 ice beasts
  2 black bears
  4 sky beasts
  11 wolves
  10 centaurs
  A phantom (D:5)
  Blork the orc (D:5)
  14 bullfrogs
  2 gnoll sergeants
  8 scorpions
  3 wights (D:8)
  3 killer bees (D:11)
  A howler monkey (D:11)
  A hound (D:4)
  A jelly (D:4)
  11 orc priests
  A gnoll bouda (D:4)
  Terence (D:2)
  3 iguanas (D:7)
  10 orc wizards
  3 mummies (Ossuary)
  Robin (D:2)
  14 gnolls
  12 adders
  2 white imps
  47 orcs
  19 bats
  5 endoplasms
  5 giant cockroaches
  14 goblins
  7 hobgoblins
  5 jackals
  4 quokkas
  8 ball pythons
  3 frilled lizards
  4 goblin zombies (Ossuary)
  2 hobgoblin zombies (Ossuary)
  13 kobolds
  4 kobold zombies (Ossuary)
  An orc zombie (Ossuary)
  7 rats
  A butterfly (Lair:4)
389 creatures vanquished.

Notes
Turn   | Place    | Note
-------+----------+-------------------------------------------
     0 | D:1      | zenocrate the Draconian Shapeshifter began the quest for
                  | the Orb.
     0 | D:1      | Reached XP level 1. HP: 16/16 MP: 1/1
    69 | D:1      | Reached XP level 2. HP: 23/23 MP: 2/2
   408 | D:1      | Reached XP level 3. HP: 18/28 MP: 3/3
   624 | D:1      | Found a faded altar of an unknown god.
   974 | D:2      | Noticed Robin
   991 | D:2      | Killed Robin
   992 | D:2      | Reached XP level 4. HP: 25/35 MP: 4/4
  1056 | D:2      | Noticed Terence
  1070 | D:2      | Killed Terence
  1897 | D:3      | Reached XP level 5. HP: 41/41 MP: 5/5
  2822 | D:4      | Found a hide-covered altar of Uskayaw.
  2822 | D:4      | Found a hazy altar of Hepliaklqana.
  2877 | D:4      | Reached XP level 6. HP: 27/50 MP: 6/6
  3498 | D:5      | Entered Level 5 of the Dungeon
  3669 | D:5      | Noticed Blork the orc
  3683 | D:5      | Killed Blork the orc
  3881 | D:5      | Reached skill level 5 in Unarmed Combat
  3881 | D:5      | Reached skill level 5 in Shapeshifting
  3881 | D:5      | Your scales start taking on a lurid green colour.
  3881 | D:5      | Reached XP level 7. HP: 53/57 MP: 7/7
  3881 | D:5      | Gained mutation: Your system is resistant to poisons.
                  | (rPois) [Green Draconian growth]
  4307 | D:5      | Reached XP level 8. HP: 66/66 MP: 8/8
  4942 | D:6      | Found a stormy altar of Qazlal.
  5064 | D:6      | Found a bloodstained altar of Trog.
  5065 | D:6      | Found a burning altar of Makhleb.
  5066 | D:6      | Found a sparkling altar of Nemelex Xobeh.
  5066 | D:6      | Found an opulent altar of Gozag.
  5069 | D:6      | Found a white marble altar of Elyvilon.
  5069 | D:6      | Found a blossoming altar of Fedhas.
  5069 | D:6      | Found a shadowy altar of Dithmenos.
  5080 | D:6      | Reached skill level 5 in Fighting
  5385 | D:6      | Found a staircase to the Ecumenical Temple.
  5410 | Temple   | Entered the Ecumenical Temple
  5647 | D:6      | Became a worshipper of Dithmenos the Shadowed
  5778 | D:6      | Reached XP level 9. HP: 71/74 MP: 9/9
  6069 | D:7      | Reached skill level 1 in Invocations
  6127 | D:7      | Reached skill level 1 in Throwing
  6127 | D:7      | Reached skill level 5 in Dodging
  6283 | D:7      | Found a glowing golden altar of the Shining One.
  6874 | D:8      | Found a sand-covered staircase.
  6888 | Ossuary  | Entered an ossuary
  7455 | D:8      | Reached * piety under Dithmenos
  7923 | D:8      | Identified the +5 hand axe "Huro" {heavy, rF+ rN+ Int-4
                  | SInv}
  7952 | D:8      | Reached XP level 10. HP: 58/84 MP: 12/12
  8041 | D:8      | Found Tiulon's Tiny Tomes.
  8399 | D:8      | Gained mutation: You sometimes lose your temper in combat.
                  | [potion of mutation]
  8399 | D:8      | Gained mutation: You are vulnerable to heat. (rF-) [potion
                  | of mutation]
  8399 | D:8      | Gained mutation: Your spells are a little easier to cast,
                  | but a little less powerful. [potion of mutation]
  8400 | D:8      | Lost mutation: Your spells are a little easier to cast, but
                  | a little less powerful. [potion of mutation]
  8400 | D:8      | Lost mutation: You sometimes lose your temper in combat.
                  | [potion of mutation]
  8400 | D:8      | Lost mutation: You are vulnerable to heat. (rF-) [potion of
                  | mutation]
  8400 | D:8      | Gained mutation: You have very sharp teeth. [potion of
                  | mutation]
  8400 | D:8      | Gained mutation: You have a pair of small horns on your
                  | head. [potion of mutation]
  9180 | D:9      | Reached ** piety under Dithmenos
  9489 | D:9      | Reached skill level 1 in Evocations
  9949 | D:10     | Entered Level 10 of the Dungeon
  9949 | D:10     | Found a staircase to the Orcish Mines.
  9980 | D:10     | HP: 4/86 [warg (2)]
 10261 | D:10     | Noticed a six-headed hydra
 10275 | D:10     | Killed a six-headed hydra
 11018 | D:10     | Reached skill level 5 in Invocations
 11233 | D:10     | Noticed a two-headed ogre
 11247 | D:10     | Killed a two-headed ogre
 11248 | D:10     | Reached XP level 11. HP: 28/94 MP: 14/14
 11632 | D:11     | Learned a level 2 spell: Blink
 11736 | D:11     | Noticed Urug
 11747 | D:11     | Killed Urug
 11849 | D:11     | Reached skill level 1 in Translocations
 12105 | D:11     | Found a staircase to the Lair.
 12176 | D:11     | Noticed Erolcha
 12181 | D:11     | Reached *** piety under Dithmenos
 12201 | D:11     | Killed Erolcha
 12492 | D:11     | Noticed a boulder beetle
 12544 | D:11     | Killed a boulder beetle
 13034 | IceCv    | Identified the "Qeuckye"
 13034 | Lair:1   | Entered Level 1 of the Lair of Beasts
 13629 | Lair:1   | Noticed a death yak
 13629 | Lair:1   | Noticed a death yak
 13629 | Lair:1   | Noticed a death yak
 13629 | Lair:1   | Noticed a death yak
 13629 | Lair:1   | Noticed a death yak
 13650 | Lair:1   | Killed a death yak
 14084 | Lair:1   | Killed a death yak
 14426 | Lair:1   | Reached XP level 12. HP: 82/103 MP: 16/16
 14662 | Lair:1   | Learned a level 6 spell: Dispersal
 14697 | Lair:2   | Noticed a death yak
 14698 | Lair:2   | Noticed a death yak
 14698 | Lair:2   | Noticed a death yak
 14698 | Lair:2   | Noticed a death yak
 14698 | Lair:2   | Noticed a death yak
 14741 | Lair:1   | Reached skill level 1 in Spellcasting
 14744 | Lair:1   | HP: 1/103 [death yak (14)]
 15030 | Lair:1   | Killed a death yak
 15533 | Lair:2   | Reached skill level 5 in Evocations
 15835 | Lair:1   | Killed a death yak
 15840 | Lair:1   | Killed a death yak
 15848 | Lair:1   | Killed a death yak
 16108 | Lair:2   | Reached **** piety under Dithmenos
 16405 | Lair:2   | Found a staircase to the Snake Pit.
 16517 | Lair:2   | Killed a death yak
 16519 | Lair:2   | Killed a death yak
 16523 | Lair:2   | Killed a death yak
 16528 | Lair:2   | Killed a death yak
 17166 | Lair:3   | Reached skill level 10 in Dodging
 17824 | Lair:3   | Found a staircase to the Shoals.
 18703 | Lair:4   | Noticed a four-headed hydra
 18718 | Lair:3   | Reached XP level 13. HP: 76/113 MP: 18/18
 18950 | Lair:3   | Reached skill level 10 in Shapeshifting
 19211 | Lair:3   | Reached skill level 10 in Fighting
 19211 | Lair:3   | Reached skill level 10 in Unarmed Combat
 20194 | Lair:5   | Entered Level 5 of the Lair of Beasts
 20734 | Lair:4   | Slain by a death yak

Illustrated notes

Levels and vault maps discovered:
D:1:      roderic_chinese_lattice_arrival, layout_loops_ring,
          shapermc_ecumenical_altar_ellora, grunt_decor_one_mirror,
          minivault_19, minmay_heptomino_w4
D:2:      layout_loops_ring, uniq_terence, uniq_robin
D:3:      layout_basic, nicolae_overflow_hidden_temple
D:4:      layout_gridville, gammafunk_temple_overflow_wave
D:5:      old_forge, layout_basic, serial_aquarium, aquarium_bridge_straight
          [aquarium_subvault_bridge, aquarium_subvault_wall,
          aquarium_subvault_bridge, aquarium_subvault_balcony],
          aquarium_bridge_island_small [aquarium_subvault_small_open,
          aquarium_subvault_balcony, aquarium_subvault_wall,
          aquarium_subvault_balcony, aquarium_subvault_bridge],
          aquarium_window_1, aquarium_window_2, aquarium_view_2d,
          uniq_blork_the_orc
D:6:      layout_rooms, grunt_temple_overflow_open, minmay_temple_entry_slanted,
          minmay_holes
D:7:      layout_basic, mainiacjoe_overflow_chevrons
D:8:      nicolae_cairo_tiling_very_big, layout_loops_ring, enter_bailey_2,
          nicolae_ossuary_entry_monument, nicolae_shop_i_like_small_books_too,
          minmay_curled_crystal, minmay_starry_boxes
D:9:      layout_cave_pools
D:10:     layout_cave_pods, david_orc_3
D:11:     layout_long_grid, hellmonk_lair_entry_icy, uniq_erolcha, uniq_urug
Temple:   chequers_temple_sunken
Lair:1:   layout_roguey
Lair:2:   layout_long_grid, minmay_snake_entry_guardpost_medium,
          chequers_serial_rivers_large_a, lemuel_fruit_tree
Lair:3:   layout_layer_cave, elwin_shoals_entry_rocks
Lair:4:   layout_concentric_octagons, lemuel_fruit_fields, grunt_megastairs_4
Lair:5:   guppyfry_lair_end_dragon, layout_long_grid, wormcave,
          minmay_slime_entry_oklob_open

Skill      XL: |  1  2  3  4  5  6  7  8  9 10 11 12 13 |
---------------+----------------------------------------+-----
Unarmed Combat | 4 5 6 7 8 9 10 | 10.2
Dodging        | 2 3 4 6 8 9 10 | 10.8
Fighting       | 2 3 4 5 6 7 8 9 10 | 10.3
Shapeshifting  | 4 5 6 7 8 9 10 | 10.2
Invocations    | 3 5 6 7 8 |  8.4
Throwing       | 1 2 |  2.3
Evocations     | 3 4 6 |  6.6
Translocations | 3 |  3.0
Spellcasting   | 1 |  1.5

Action                     |  1- 3 |  4- 6 |  7- 9 | 10-12 | 13-15 || total
---------------------------+-------+-------+-------+-------+-------++-------
  Melee: Unarmed           |   122 |   196 |   369 |   705 |   176 ||  1568
         Tailslap          |     9 |    31 |    56 |   140 |    44 ||   280
         Punch             |     1 |     4 |     7 |       |       ||    12
         Headbutt          |       |       |       |   214 |    60 ||   274
         Bite              |       |       |       |   119 |    31 ||   150
  Throw: Dart              |       |     1 |     1 |       |       ||     2
   Cast: Blink             |       |       |       |     3 |     4 ||     7
Ability: Breathe Noxious F |       |       |     7 |    45 |     7 ||    59
  Evoke: Wand              |       |       |       |     2 |     2 ||     4
    Use: Scroll            |       |     9 |     2 |    17 |     1 ||    29
         Potion            |       |     2 |     5 |     8 |     1 ||    16
   Stab: Sleeping          |     1 |     3 |     2 |       |       ||     6
         Held in net/web   |       |       |     1 |       |       ||     1
         Confused          |       |       |     1 |    24 |     1 ||    26
 Armour: Skin              |    75 |   102 |   231 |   484 |   162 ||  1054
  Dodge: Dodged            |    82 |   131 |   250 |   680 |   196 ||  1339
   Form: Flux              |       |       |     1 |       |       ||     1

Table legend: (Time is in decaauts)
 A = Elapsed time spent in this place.
 B = Non-inter-level travel time spent in this place.
 C = Inter-level travel time spent in this place.
 D = Time resting spent in this place.
 E = Time spent auto-exploring this place.
 F = Levels seen in this place.
 G = Mean time per level.
                   A        B        C        D        E       F      G
               +--------+--------+--------+--------+--------+-----+--------+
         Total |  20549 |  19968 |    581 |    323 |  16406 |  18 | 1141.6 |
       Dungeon |  12220 |  11870 |    350 |    106 |   9742 |  11 | 1110.9 |
        Temple |    175 |    175 |      0 |     96 |     61 |   1 |  175.0 |
          Lair |   7628 |   7397 |    231 |     21 |   6277 |   5 | 1525.6 |
       Ossuary |    524 |    524 |      0 |    100 |    326 |   1 |  524.0 |
               +--------+--------+--------+--------+--------+-----+--------+

Top non-repeatable levels by time:
  Lair:3: 2465 daAuts
  Lair:1: 2304 daAuts
    D:10: 1622 daAuts
  Lair:2: 1571 daAuts
     D:8: 1516 daAuts
    D:11: 1425 daAuts
     D:5: 1300 daAuts
  Lair:4: 1219 daAuts
     D:6: 1067 daAuts
     D:4: 1048 daAuts
     D:2: 931 daAuts
     D:9: 925 daAuts
     D:7: 886 daAuts
     D:1: 790 daAuts
     D:3: 704 daAuts
